 Dungeon Crawl Stone Soup version 0.32-a0-841-g4648e6c457 (webtiles) character file.

Game seed: 17735177102839629578

735 oldriver the Fighter (level 7, -3/81 HPs)
             Began as an Oni Shapeshifter on Mar 27, 2024.
             Was an Initiate of Ru.
             Slain by an ogre
             ... wielding a +0 giant spiked club
              (30 damage)
             ... on level 5 of the Dungeon.
             The game lasted 00:05:03 (4484 turns).

oldriver the Fighter (Oni Shapeshifter)             Turns: 4484, Time: 00:05:03

Health: -3/81      AC:  3    Str: 21    XL:     7   Next: 74%
Magic:  7/7        EV:  8    Int: 11    God:    Ru [......]
Gold:   332        SH:  0    Dex:  8    Spells: 6/6 levels left

rFire   . . .        f - +2 dagger (drain)
rCold   . . .        (no shield)
rNeg    . . .        a - +0 animal skin
rPois   .            (helmet currently unavailable)
rElec   .            (cloak currently unavailable)
rCorr   .            (gloves unavailable)
SInv    .            (boots unavailable)
Will    .....        (no amulet)
Stlth   +            (no ring)
HPRegen 0.33/turn    (no ring)
MPRegen 0.10/turn

%: no passive effects
@: beast-form, studying Fighting
A: beast (slay +2), large, unfitting armour, horns 1, tough skin 1, double
potion healing, drunken brawling
a: Begin Untransformation, Renounce Religion


You were on level 5 of the Dungeon.
You worshipped Ru.
Ru was noncommittal.
You were a hulking beast.
You visited 2 branches of the dungeon, and saw 6 of its levels.

You collected 332 gold pieces.

Inventory:

Hand Weapons
 f - a +2 dagger of draining (weapon)
Armour
 a - a +0 animal skin (worn)
 l - the +3 leather armour of the Heavens {Harm rF++ Int-5 Dex-3}
   (You found it on level 2 of the Dungeon)

   Int-5:     It affects your intelligence (-5).
   Dex-3:     It affects your dexterity (-3).
   rF++:      It greatly protects you from fire.
   Harm:      It increases damage dealt and taken.
Talismans
 c - a beast talisman (active)
 d - a flux talisman
 m - a serpent talisman
Scrolls
 e - 2 scrolls of teleportation
 i - a scroll of immolation {unknown}
 j - a scroll of brand weapon {unknown}
 k - a scroll of noise
 p - a scroll of identify
 r - a scroll of fog {unknown}
Potions
 b - a potion of lignification
 g - 2 potions of degeneration
 h - a potion of haste
 n - a potion of ambrosia {unknown}
 o - a potion of might {unknown}
 q - a potion of curing {unknown}


   Skills:
 * Level 8.7 Fighting
 - Level 1.7 Dodging
 + Level 4.5 Unarmed Combat
 * Level 4.8 Shapeshifting


You had 6 spell levels left.
You didn't know any spells.
Your spell library contained the following spells:

 Spells                   Type           Power      Damage    Failure   Level
 Freeze                   Ice            0%         1d3       34%         1
 Ensorcelled Hibernation  Hex/Ice        0%         N/A       47%         2
 Lesser Beckoning         Tloc           0%         N/A       47%         2
 Frozen Ramparts          Ice            0%         1d1       71%         3
 Fugue of the Fallen      Necr           0%         N/A       71%         3
 Gell's Gravitas          Tloc           0%         N/A       71%         3
 Hailstorm                Conj/Ice       0%         3d5       71%         3
 Ozocubu's Armour         Ice            0%         N/A       71%         3
 Teleport Other           Tloc           0%         N/A       71%         3
 Anguish                  Hex/Necr       0%         N/A       98%         4
 Manifold Assault         Tloc           0%         N/A       98%         4


Dungeon Overview and Level Annotations

Branches:
Dungeon (5/15)             Temple (1/1) D:4

Altars:
Ashenzari
Cheibriados
Dithmenos
Elyvilon
Fedhas
Gozag
Hepliaklqana
Kikubaaqudgha
Makhleb
Nemelex Xobeh
Okawaru
Qazlal
Ru
Sif Muna
Trog
Uskayaw
Vehumet
Wu Jian
Xom
Yredelemnul
Zin
The Shining One

Annotations:
D:5 1 transporter, bigduke15's ghost, amateur CoGl


Innate Abilities, Weirdness & Mutations

You are a hulking beast.
Your limbs bulge with bestial killing power. (Slay +2)
You are too large for most types of armour.
You have a pair of small horns on your head.
You have tough skin. (AC +1)
You gain doubled healing and magic from potions.
Whenever you drink a healing potion, you attack all around you.


Message History

No target in view!
No target in view!
No target in view!
No target in view!
No target in view!
No target in view!
No target in view!
No target in view!
No target in view!
No target in view!
You open the door.
There is an open door here.
Found a dagger.
There is a stone staircase leading down here.
You open the door.
There is an open door here.
There is an open door here.
There is an open door here.
An ogre comes into view. It is wielding a +0 giant spiked club.
The ogre shouts!
An ogre is nearby!
You have nothing you can fire or use right now.
An ogre is nearby!
The ogre hits you with a +0 giant spiked club!!
You hit the ogre.
The ogre is lightly wounded.
You hit the ogre. Your headbutt misses the ogre.
The ogre is moderately wounded.
The ogre hits you with a +0 giant spiked club!
You hit the ogre.
The ogre is heavily wounded.
The ogre hits you with a +0 giant spiked club!
You hit the ogre. You drain the ogre.
The ogre is severely wounded.
You barely miss the ogre.
You headbutt the ogre, but do no damage.
The ogre is severely wounded.
The ogre hits you with a +0 giant spiked club!!
You die...
Ru respects your ultimate sacrifice.

...#...........#...##.
.......#.......###'##.
...#...........#......
#..##....)...#...##.
+.................
#...........©.©...
#......###########
#O.....#OW..$$....
#h....##.#..#.#..#
#.....##..##...##.
#.....##..##...##.
#.....##.#. #.#..#
#.....# ... #.....#####
#######.....#...#
#.....#.....#...########
#.....#.....#...........


You could see an ogre (drained).

Vanquished Creatures
  A water moccasin (D:5)
  A black bear (D:4)
  A phantom (D:5)
  A bullfrog (D:5)
  A hound (D:4)
  A jelly (D:4)
  3 orc priests
  An iguana (D:4)
  4 orc wizards
  3 adders
  2 ufetubi (D:5)
  3 dart slugs
  2 ribbon worms (D:3)
  11 orcs
  10 ball pythons
  4 bats
  3 endoplasms
  4 goblins
  6 hobgoblins
  3 quokkas
  16 frilled lizards
  12 kobolds
  3 rats
96 creatures vanquished.

Vanquished Creatures (others)
  A rat (D:1)
1 creature vanquished.

Grand Total: 97 creatures vanquished

Notes
Turn   | Place    | Note
-------+----------+-------------------------------------------
     0 | D:1      | oldriver the Oni Shapeshifter began the quest for the Orb.
     0 | D:1      | Reached XP level 1. HP: 19/19 MP: 1/1
   145 | D:1      | Reached skill level 2 in Fighting
   145 | D:1      | Reached XP level 2. HP: 24/28 MP: 2/2
   661 | D:1      | Reached XP level 3. HP: 36/36 MP: 3/3
   716 | D:1      | Reached skill level 3 in Fighting
  1068 | D:2      | Found a shimmering blue altar of Sif Muna.
  1095 | D:2      | Reached XP level 4. HP: 48/48 MP: 4/4
  1427 | D:2      | Identified the +3 leather armour of the Heavens {Harm rF++
                  | Int-5 Dex-3}
  1509 | D:3      | Reached skill level 4 in Fighting
  1794 | D:3      | Found a bloodstained altar of Trog.
  1825 | D:3      | Found a faded altar of an unknown god.
  1900 | D:3      | Reached XP level 5. HP: 19/55 MP: 5/5
  2701 | D:4      | Reached skill level 5 in Fighting
  2798 | D:4      | Reached XP level 6. HP: 44/66 MP: 6/6
  2909 | D:4      | Noticed a black bear
  2928 | D:4      | Killed a black bear
  2929 | D:4      | Reached skill level 6 in Fighting
  3198 | D:4      | Found a staircase to the Ecumenical Temple.
  3476 | Temple   | Entered the Ecumenical Temple
  3505 | Temple   | Became a worshipper of Ru the Awakened
  3579 | D:5      | Entered Level 5 of the Dungeon
  3607 | D:5      | Noticed a water moccasin
  3618 | D:5      | Killed a water moccasin
  3619 | D:5      | Reached XP level 7. HP: 52/76 MP: 7/7
  3910 | D:5      | Reached skill level 7 in Fighting
  4086 | D:5      | Noticed bigduke15's ghost (amateur CoGl)
  4089 | D:5      | Identified the +3 giant club "Worm's Wrath" {flame, rC+
                  | Int+2 SInv}
  4096 | D:5      | Found a transporter.
  4288 | D:5      | Reached skill level 8 in Fighting
  4484 | D:5      | Slain by an ogre

Illustrated notes

Levels and vault maps discovered:
D:1:      minmay_arrival_widening_spiral_wide, layout_basic
D:2:      layout_basic, basic_altar, minmay_lizard_pond
D:3:      layout_basic, nicolae_overflow_crystal_walls,
          shapermc_ecumenical_altar_venn, nicolae_underground_beach
D:4:      layout_rooms, lemuel_temple_firewalk_a, minivault_19
D:5:      layout_gridville, gammafunk_ghost_smash,
          serial_library_hellmonk_open_cross
Temple:   mainiacjoe_temple_hex_bubbles

Skill      XL: |  1  2  3  4  5  6  7 |
---------------+----------------------+-----
Fighting       | 2 3 4 5 6 8 |  8.7
Unarmed Combat | 3 4 |  4.5
Shapeshifting  | 4 |  4.8
Dodging        | |  1.7

Action                     |  1- 3 |  4- 6 |  7- 9 || total
---------------------------+-------+-------+-------++-------
  Melee: Dagger            |   105 |   109 |    58 ||   272
         Unarmed           |     3 |       |       ||     3
         Headbutt          |     3 |    19 |    13 ||    35
    Use: Scroll            |       |     6 |       ||     6
         Potion            |       |     1 |       ||     1
   Stab: Sleeping          |       |     1 |       ||     1
 Armour: Animal skin       |    77 |    71 |    33 ||   181
  Dodge: Dodged            |    62 |    42 |    29 ||   133

Table legend: (Time is in decaauts)
 A = Elapsed time spent in this place.
 B = Non-inter-level travel time spent in this place.
 C = Inter-level travel time spent in this place.
 D = Time resting spent in this place.
 E = Time spent auto-exploring this place.
 F = Levels seen in this place.
 G = Mean time per level.
                   A        B        C        D        E       F      G
               +--------+--------+--------+--------+--------+-----+--------+
         Total |   4487 |   4289 |    198 |    703 |   2863 |   6 |  747.8 |
       Dungeon |   4433 |   4287 |    146 |    703 |   2863 |   5 |  886.6 |
        Temple |     54 |      2 |     52 |      0 |      0 |   1 |   54.0 |
               +--------+--------+--------+--------+--------+-----+--------+

Top non-repeatable levels by time:
     D:3: 1245 daAuts
     D:1: 935 daAuts
     D:4: 870 daAuts
     D:5: 799 daAuts
     D:2: 582 daAuts
  Temple: 54 daAuts
